 Dungeon Crawl Stone Soup version 0.28.0 (webtiles) character file.

Game seed: 14162343588888325523

3066 zazu2006 the Sneak (level 9, 0/76 (78) HPs)
             Began as a Naga Hedge Wizard on Feb 13, 2022.
             Was an Initiate of Vehumet.
             Slain by a wight (24 damage)
             ... on level 8 of the Dungeon.
             The game lasted 00:13:25 (5789 turns).

zazu2006 the Sneak (Naga Hedge Wizard)              Turns: 5789, Time: 00:13:26

HP:   0/76 (78)     AC:  4    Str: 13    XL:     9   Next: 88%
MP:   10/25         EV:  9    Int: 18    God:    Vehumet [......]
Gold: 315           SH:  4    Dex: 11    Spells: 9/18 levels left

rFire   . . .      SeeInvis +   r - +12 spear of Dithmenos's Hatred {flame, rC- rN+ Will+}
rCold   x . .      Faith    .   x - +0 buckler
rNeg    + . .      Spirit   .   f - +0 leather armour
rPois   +          Reflect  .   c - +0 hat
rElec   .          Harm     .   (no cloak)
rCorr   .          Rampage  .   (no gloves)
Will    ++...                   (no barding)
Stlth   +++.......              w - amulet of regeneration
HPRegen 1.02/turn               s - ring of magical power
MPRegen 0.19/turn               (no ring)

@: about to teleport, on blink cooldown, lightly drained, very slow
A: AC +3, large, see invisible, deformed body, poison resistance, slowness 2,
spit poison 1, naga tail 1
a: Spit Poison, Renounce Religion


You were on level 8 of the Dungeon.
You worshipped Vehumet.
Vehumet was noncommittal.
You visited 2 branches of the dungeon, and saw 9 of its levels.

You collected 315 gold pieces.

Inventory:

Hand Weapons
 e - a +2 short sword of venom
 r - the +12 spear of Dithmenos's Hatred (weapon) {flame, rC- rN+ Will+}
   (You found it on level 2 of the Dungeon)

   It burns those it strikes, dealing additional fire damage.
   rC:        It makes you vulnerable to cold.
   rN:        It protects you from negative energy.
   Will:      It increases your willpower.
Armour
 c - a +0 hat (worn)
 f - a +0 leather armour (worn)
 x - a +0 buckler (worn)
Jewellery
 p - an amulet of the acrobat
 s - a ring of magical power (left hand)
 w - an amulet of regeneration (around neck)
Wands
 q - a wand of mindburst (23)
 z - a wand of polymorph (10)
 C - a wand of paralysis (11)
Scrolls
 a - a scroll of silence {unknown}
 b - 6 scrolls of identify {unknown}
 d - 4 scrolls of enchant weapon {unknown}
 i - 6 scrolls of teleportation
 j - 3 scrolls of vulnerability {unknown}
 o - 2 scrolls of immolation {unknown}
 y - a scroll of magic mapping {unknown}
 A - a scroll of fear {unknown}
Potions
 g - 3 potions of curing
 h - 2 potions of brilliance {unknown}
 k - 3 potions of lignification
 l - 2 potions of heal wounds {unknown}
 m - 2 potions of resistance {unknown}
 n - 2 potions of attraction {unknown}
 t - 4 potions of mutation {unknown}
 u - a potion of flight {unknown}
 v - 2 potions of haste {unknown}
 B - 2 potions of might {unknown}


   Skills:
 + Level 3.8 Fighting
 + Level 5.8 Polearms
 + Level 3.6 Armour
 + Level 3.5 Dodging
 + Level 6.8 Stealth
 * Level 2.6 Shields
 + Level 5.0 Spellcasting
 + Level 3.8 Conjurations
 + Level 1.0 Summonings
 + Level 1.0 Translocations
 + Level 1.6 Air Magic
 + Level 6.0 Poison Magic


You had 9 spell levels left.
You knew the following spells:

 Your Spells              Type           Power      Damage    Failure   Level
a - Magic Dart            Conj           72%        1d6       4%          1
b - Mephitic Cloud        Conj/Pois/Air  18%        N/A       13%         3
c - Conjure Flame         Conj/Fire      11%        6-21      28%         3
d - Blink                 Tloc           16%        N/A       21%         2

Your spell library contained the following spells:

 Spells                   Type           Power      Damage    Failure   Level
 Shock                    Conj/Air       56%        1d6       7%          1
 Slow                     Hex            16%        N/A       21%         1
 Call Imp                 Summ           8%         N/A       21%         2
 Ensorcelled Hibernation  Hex/Ice        8%         N/A       30%         2
 Passwall                 Tmut/Erth      3%         N/A       30%         2
 Swiftness                Air            10%        N/A       32%         3
 Airstrike                Air            5%         N/A       71%         4


Dungeon Overview and Level Annotations

Branches:
Dungeon (8/15)             Temple (1/1) D:7
   Lair: D:8-11

Altars:
Ashenzari
Cheibriados
Elyvilon
Fedhas
Hepliaklqana
Kikubaaqudgha
Makhleb
Nemelex Xobeh
Ru
Sif Muna
Trog
Uskayaw
Vehumet
Yredelemnul
The Shining One

Shops:
D:6 *


Innate Abilities, Weirdness & Mutations

Your serpentine skin is tough. (AC +3)
You have supernaturally acute eyesight. (SInv)
Armour fits poorly on your strangely shaped body.
Your system is resistant to poisons. (rPois)
You cover ground very slowly.
You can spit poison.
You have a snake-like lower body.


Message History

You partially resist.
You feel drained. The wight freezes you.
You closely miss the wight.
The wight is moderately damaged.
You feel less wooden.
Your +0 hat unmelds from your body.
Your +0 leather armour unmelds from your body.
The howler monkey hits you but does no damage.
The wight hits you from afar with a +1 spear of freezing.
* * * LOW HITPOINT WARNING * * *
The wight freezes you.
* * * LOW HITPOINT WARNING * * *
Casting: Mephitic Cloud (dangerous; 13% risk of failure)
Confirm with . or Enter, or press ? or * to list all spells.
You blink.
The orc priest hits the killer bee zombie with a +0 short sword.
Unknown command.
Unknown command.
Reach: r) +12 spear of Dithmenos's Hatred {flame, rC- rN+ Will+}
Press: ? - help, Dir - move target, f/p - wight
Aim: a wight, wielding a +1 spear of freezing and wearing a +0 robe (heavily damaged, about 27% to evade the +12 spear of Dithmenos's Hatred)
You reach to attack!
You hit the wight. You burn the wight.
The wight is almost destroyed.
You block the wight's attack.
Reach: r) +12 spear of Dithmenos's Hatred {flame, rC- rN+ Will+}
Press: ? - help, Dir - move target, f/p - wight
Aim: a wight, wielding a +1 spear of freezing and wearing a +0 robe (almost destroyed, about 27% to evade the +12 spear of Dithmenos's Hatred)
You reach to attack!
You hit the wight but do no damage.
The wight is almost destroyed.
The wight barely misses you.
Reach: r) +12 spear of Dithmenos's Hatred {flame, rC- rN+ Will+}
Press: ? - help, Dir - move target, f/p - wight
Aim: a wight, wielding a +1 spear of freezing and wearing a +0 robe (almost destroyed, about 27% to evade the +12 spear of Dithmenos's Hatred)
You reach to attack!
You completely miss the wight.
The wight is almost destroyed.
The wight closely misses you.
As you read the scroll labelled COIZUNI ROANK, it crumbles to dust.
You feel strangely unstable.
It was a scroll of teleportation.
The howler monkey hoots and howls with incredible vigour!
The wight hits you with a +8 battleaxe of freezing!!
You die...

.... .....##...##
.....#####..#.....#.
....o.##............
#....).†...........
#..[.†#)..#>...$...
###z..###..##.......
..###.#.z.###..........(
#.....Zhz.............##
#.....@...............#
##.....#######.........
........# .$..#.
........# ...##
........# .... ........#
........# .........


You could see a howler monkey, 3 wights, an orc priest (confused) and a killer
bee zombie.

Vanquished Creatures
  Grinder (D:6)
  Sigmund (D:6)
  A steam dragon (D:6)
  Duvessa (D:6)
  A water moccasin (D:8)
  A black bear (D:8)
  A sky beast (D:7)
  An ice beast (D:7)
  2 ogres
  A centaur (D:8)
  2 phantoms
  A kobold brigand (D:6)
  3 bullfrogs
  3 scorpions
  2 wyvern zombies
  Dowan (D:6)
  2 water moccasin skeletons (D:5)
  3 wights (D:7)
  6 howler monkeys
  A centaur zombie (D:8)
  4 hounds
  A bullfrog zombie (D:7)
  2 gnoll shamans
  A jelly (D:5)
  An iguana (D:5)
  Ijyb (D:5)
  3 orc wizards
  A hound skeleton (D:5)
  A howler monkey zombie (D:5)
  4 adders
  11 gnolls
  3 white imps
  2 ufetubi
  4 dart slugs
  14 orcs
  5 endoplasms
  3 giant cockroaches (D:1)
  3 goblins
  8 hobgoblins
  10 kobolds
  4 quokkas
  A ball python (D:4)
  3 bats
  A frilled lizard (D:1)
  20 rats
146 creatures vanquished.

Notes
Turn   | Place    | Note
-------+----------+-------------------------------------------
     0 | D:1      | zazu2006 the Naga Hedge Wizard began the quest for the Orb.
     0 | D:1      | Reached XP level 1. HP: 15/15 MP: 4/4
   260 | D:1      | Reached XP level 2. HP: 22/22 MP: 0/6
  1158 | D:2      | Reached XP level 3. HP: 24/28 MP: 4/8
  1233 | D:2      | Learned a level 3 spell: Mephitic Cloud
  1237 | D:2      | Learned a level 3 spell: Conjure Flame
  1240 | D:2      | Learned a level 2 spell: Blink
  1659 | D:2      | Identified the +12 spear of Dithmenos's Hatred {flame, rC-
                  | rN+ Will+}
  1798 | D:2      | Found a faded altar of an unknown god.
  2061 | D:3      | Reached skill level 1 in Armour
  2061 | D:3      | Reached XP level 4. HP: 37/37 MP: 9/9
  2700 | D:3      | Reached XP level 5. HP: 39/43 MP: 8/10
  3027 | D:4      | Reached skill level 1 in Polearms
  3027 | D:4      | Reached skill level 1 in Poison Magic
  3274 | D:4      | Reached XP level 6. HP: 49/50 MP: 12/12
  3460 | D:5      | Entered Level 5 of the Dungeon
  3485 | D:5      | Reached skill level 1 in Fighting
  3960 | D:5      | Noticed Ijyb
  3966 | D:5      | Killed Ijyb
  3967 | D:5      | Reached XP level 7. HP: 57/57 MP: 13/13
  3988 | D:5      | Reached skill level 5 in Stealth
  4503 | D:6      | Noticed Sigmund
  4510 | D:6      | Killed Sigmund
  4511 | D:6      | Reached XP level 8. HP: 58/67 MP: 14/14
  4599 | D:6      | Found Luczoth's Overcharged Wands.
  4645 | D:6      | Noticed Duvessa
  4646 | D:6      | Noticed Dowan
  4665 | D:6      | Killed Duvessa
  4667 | D:6      | Killed Dowan
  4764 | D:6      | Noticed Grinder
  4774 | D:6      | Killed Grinder
  4775 | D:6      | Reached skill level 5 in Poison Magic
  4779 | D:6      | Reached XP level 9. HP: 72/74 MP: 16/16
  4965 | D:7      | Reached skill level 1 in Air Magic
  5045 | D:7      | Found a staircase to the Ecumenical Temple.
  5072 | D:7      | Reached skill level 5 in Polearms
  5105 | Temple   | Entered the Ecumenical Temple
  5162 | Temple   | Became a worshipper of Vehumet
  5370 | D:7      | Reached skill level 5 in Spellcasting
  5433 | D:7      | Reached skill level 1 in Shields
  5789 | D:8      | Slain by a wight

Illustrated notes

Levels and vault maps discovered:
D:1:      ebering_hopf_link, layout_basic, serial_bayou, serial_bayou_lagoon_b,
          serial_bayou_pond_e, serial_bayou_pond_e, serial_bayou_crossing,
          serial_bayou_pond_e, minmay_pentomino_z4
D:2:      layout_basic, basic_ecumenical_altar
D:3:      layout_loops_ring
D:4:      layout_cave_pools, minmay_rat_hole
D:5:      layout_rooms, uniq_ijyb
D:6:      layout_rooms, nicolae_shop_overcharged_wands, uniq_sigmund,
          uniq_grinder, uniq_duvessa
D:7:      layout_cave_pools, minmay_temple_entry_overgrown, kennysheep_potato
D:8:      layout_cave_pools, okawaru_humans, minmay_manual_monstrance
Temple:   regret_index_temple_sigil_plot

Skill      XL: |  1  2  3  4  5  6  7  8  9 |
---------------+----------------------------+-----
Armour         | 1 2 3 |  3.6
Conjurations   | 2 3 |  3.8
Spellcasting   | 4 5 |  5.0
Polearms       | 1 2 3 4 5 |  5.8
Poison Magic   | 1 2 3 5 6 |  6.0
Fighting       | 1 2 3 |  3.8
Stealth        | 4 5 6 |  6.8
Dodging        | 2 3 |  3.5
Air Magic      | 1 |  1.6
Shields        | 2 |  2.6
Summonings     | |  1.0
Translocations | |  1.0

Action                   |  1- 3 |  4- 6 |  7- 9 || total
-------------------------+-------+-------+-------++-------
Melee: Short sword       |    23 |       |       ||    23
       Spear             |     2 |    95 |   185 ||   282
       Punch             |       |     2 |       ||     2
 Cast: Magic Dart        |    38 |    31 |    27 ||    96
       Mephitic Cloud    |       |       |    10 ||    10
       Blink             |       |       |     2 ||     2
 Abil: Spit Poison       |     2 |     3 |     2 ||     7
  Use: Potion            |       |       |     3 ||     3
       Scroll            |       |       |     1 ||     1
 Stab: Sleeping          |     1 |     6 |     4 ||    11
       Confused          |       |       |     7 ||     7
Armor: Leather armour    |     5 |    21 |    34 ||    60
       Skin              |       |       |    49 ||    49
Dodge: Dodged            |    15 |    38 |    55 ||   108
Block: Buckler           |       |       |    20 ||    20
